 Dungeon Crawl Stone Soup version 0.30-a0-879-ga8ba668304 (webtiles) character file.

Game seed: 5072658392703372657

0 Mickster the Caller (level 1, 0/10 HPs)
             Began as a Gargoyle Wanderer on Mar 13, 2023.
             Frozen to death by an endoplasm (1 damage)
             ... on level 1 of the Dungeon.
             The game lasted 00:01:45 (30 turns).

Mickster the Caller (Gargoyle Wanderer)               Turns: 30, Time: 00:01:45

Health: 0/10       AC:  4    Str: 13    XL:     1   Next: 0%
Magic:  0/2        EV: 10    Int: 14    God:
Gold:   0          SH:  3    Dex:  9    Spells: 0/2 levels left

rFire   . . .      SeeInvis .    a - +0 club
rCold   . . .      Faith    .    d - +0 buckler
rNeg    + . .      Spirit   .    c - +0 robe
rPois   ∞          Reflect  .    (no helmet)
rElec   +          Rampage  .    (no cloak)
rCorr   .                        (no gloves)
Will    .....                    (no boots)
Stlth   +                        (no amulet)
HPRegen 0.21/turn                (no ring)
MPRegen 0.08/turn                (no ring)

@: very slightly contaminated
A: sickness immunity, AC +2, negative energy resistance 1, electricity
resistance, torment resistance 1, petrification resistance
a: no special abilities


You were on level 1 of the Dungeon.
You visited 1 branch of the dungeon, and saw 1 of its levels.

Inventory:

Hand Weapons
 a - a +0 club (weapon)
Armour
 c - a +0 robe (worn)
 d - a +0 buckler (worn)
Potions
 b - a potion of mutation
 e - a potion of curing {unknown}


   Skills:
 + Level 2.1 Shields
 + Level 1.0 Spellcasting
 + Level 3.6 Summonings
 + Level 3.0 Fire Magic


You couldn't memorise any spells.
You knew the following spells:

 Your Spells              Type           Power      Damage    Failure   Level
a - Summon Small Mammal   Summ           40%        N/A       8%          1
b - Foxfire               Conj/Fire      16%        2x1d4     19%         1

Your spell library contained the following spells:

 Spells                   Type           Power      Damage    Failure   Level
 Summon Guardian Golem    Hex/Summ       5%         N/A       45%         3
 Inner Flame              Hex/Fire       4%         N/A       50%         3
 Kindle Blastsparks       Fire/Tloc/Air  6%         2d10      56%         3


Dungeon Overview and Level Annotations

Branches:
Dungeon (1/15)

Altars:


Innate Abilities, Weirdness & Mutations

You are immune to sickness and miasma.
Your stone body is resilient. (AC +2)
You are immune to poison.
You resist negative energy. (rN+)
You are resistant to electric shocks. (rElec)
You are resistant to unholy torment.
You are immune to petrification.


Message History

You start memorising the spell.
You continue memorising.
You finish memorising.
Spell assigned to 'a'.
Memorise Foxfire, consuming 1 spell level and leaving 0?
You start memorising the spell.
You continue memorising.
You finish memorising.
Spell assigned to 'b'.
Unknown command.
e - a blue potion As you open the door, it creaks loudly!
An endoplasm, a goblin and a rat come into view.
The endoplasm quivers.
There is an open door here.
Found a club.
Cast which spell? (? or * to list)
The goblin shouts!
You hear a shout!
Casting: Summon Small Mammal (safe; 8% risk of failure)
Confirm with . or Enter, or press ? or * to list all spells.
You miscast Foxfire.
You are very lightly contaminated with residual magic.
Nothing appears to happen.
A kobold comes into view. It is wielding a +0 whip.
The rat bites you. The endoplasm freezes you.
You are frozen.
You hit the rat.
The rat is heavily wounded.
The rat bites you but does no damage. The endoplasm closely misses you.
Your rat bites the rat but does no damage.
You hit the rat but do no damage.
The rat is heavily wounded.
The goblin barely misses you. The endoplasm freezes you.
You are frozen.
Ouch! That really hurt!
* * * LOW HITPOINT WARNING * * *
The rat bites you but does no damage.
Your rat barely misses the rat.
You hit the rat.
You kill the rat!
The endoplasm freezes you.
You are frozen.
You die...

#. ######. .......
.......#### ..........
......... ......g.#
..K....@#
......Jr######## #####
.......#'......####....
.......#........##....
.....#.#...##...##...
##...).#..## #..##..#
#.. ..#..####..##..##
#.....#...##...##...##.
.. ...#................


You could see an endoplasm (ally target), a goblin, a kobold and a friendly rat
(summoned).

Vanquished Creatures
  A rat (D:1)
1 creature vanquished.

Notes
Turn   | Place    | Note
-------+----------+-------------------------------------------
     0 | D:1      | Mickster the Gargoyle Wanderer began the quest for the Orb.
     0 | D:1      | Mickster set off with the following items: a +0 club, a
                  | potion of mutation, a +0 robe, a +0 buckler; and the
                  | following spells available to memorise: Summon Small
                  | Mammal, Foxfire, Summon Guardian Golem, Inner Flame, Kindle
                  | Blastsparks.
     0 | D:1      | Reached XP level 1. HP: 10/10 MP: 2/2
     2 | D:1      | Learned a level 1 spell: Summon Small Mammal
     4 | D:1      | Learned a level 1 spell: Foxfire
    30 | D:1      | Frozen to death by an endoplasm

Illustrated notes

Levels and vault maps discovered:
D:1:      minmay_arrival_four_loops, layout_basic

Action                     || total
---------------------------++-------
  Melee: Club              ||     3
   Cast: Summon Small Mamm ||     1
 Armour: Robe              ||     2
  Dodge: Dodged            ||     2

Table legend: (Time is in decaauts)
 A = Elapsed time spent in this place.
 B = Non-inter-level travel time spent in this place.
 C = Inter-level travel time spent in this place.
 D = Time resting spent in this place.
 E = Time spent auto-exploring this place.
 F = Levels seen in this place.
 G = Mean time per level.
                   A        B        C        D        E       F      G
               +--------+--------+--------+--------+--------+-----+--------+
         Total |     30 |     30 |      0 |      0 |      0 |   1 |   30.0 |
       Dungeon |     30 |     30 |      0 |      0 |      0 |   1 |   30.0 |
               +--------+--------+--------+--------+--------+-----+--------+

Top non-repeatable levels by time:
     D:1: 30 daAuts
